 Dungeon Crawl Stone Soup version 0.27.1-33-g824d729ab1 (webtiles) character file.

Game seed: 3297492219857722490

673 esgrovinhado the Shield-Bearer (level 7, -5/67 HPs)
             Began as a Troll Fighter on Nov 30, 2021.
             Was a Believer of Dithmenos.
             Slain by a black bear (10 damage)
             ... on level 4 of the Dungeon.
             The game lasted 00:12:08 (3156 turns).

esgrovinhado the Shield-Bearer (Troll Fighter)      Turns: 3156, Time: 00:12:09

Health: -5/67      AC:  5    Str: 26    XL:     7   Next: 33%
Magic:  6/6        EV:  9    Int:  4    God:    Dithmenos [**....]
Gold:   159        SH:  9    Dex: 10    Spells: 6/6 levels left

rFire    . . .     SeeInvis .   e - +0 short sword
rCold    . . .     Faith    .   c - +0 kite shield
rNeg     . . .     Spirit   .   f - +1 robe
rPois    .         Reflect  .   (helmet restricted)
rElec    .         Harm     .   (no cloak)
rCorr    .         Rampage  .   (gloves unavailable)
Will     .....                  (boots unavailable)
Stlth    +.........             (no amulet)
HPRegen  1.21/turn              (no ring)
MPRegen  0.10/turn              (no ring)

@: wreathed by umbra
A: large, unfitting armour, claws 3, regeneration 1, shaggy fur 1, tough skin 1
a: Renounce Religion, Shadow Step


You were on level 4 of the Dungeon.
You worshipped Dithmenos.
Dithmenos was pleased with you.
You visited 1 branch of the dungeon, and saw 4 of its levels.

You collected 159 gold pieces.

Inventory:

Hand Weapons
 a - a +0 flail
 e - a +0 short sword (weapon)
Armour
 b - a +0 robe
 c - a +0 kite shield (worn)
 f - a +1 robe (worn)
Magical Staves
 h - a staff of cold
 j - a staff of air
Scrolls
 g - a scroll of identify
 i - 2 scrolls of teleportation {unknown}
 k - a scroll of immolation
Potions
 d - a potion of might
 l - a potion of berserk rage
 m - a potion of resistance {unknown}


   Skills:
 + Level 3.4 Fighting
 + Level 2.9 Short Blades
 + Level 2.0 Maces & Flails
 + Level 4.2 Dodging
 + Level 0.2 Stealth
 + Level 4.2 Shields
 * Level 1.0 Invocations


You had 6 spell levels left.
You didn't know any spells.
Your spell library contained the following spells:

 Spells                   Type           Power      Damage    Failure   Level
 Ozocubu's Armour         Ice            0%         N/A       99%         3
 Metabolic Englaciation   Hex/Ice        0%         N/A       100%        5
 Simulacrum               Ice/Necr       0%         N/A       100%        6


Dungeon Overview and Level Annotations

Branches:
Dungeon (4/15)
 Temple: D:4-7

Altars:
Dithmenos
Okawaru
Trog
Vehumet

Shops:
D:1 [


Innate Abilities, Weirdness & Mutations

You are too large for most types of armour.
You have claws for hands.
Your natural rate of healing is unusually fast.
You are covered in fur. (AC +1)
You have tough skin. (AC +1)


Message History

The black bear bites you! You block the black bear's attack.
The black bear claws you. The black bear closely misses you.
The black bear claws you. The black bear closely misses you.
You hit the black bear.
The black bear is almost dead.
The black bear bites you but does no damage.
The black bear claws you. You block the black bear's attack.
The black bear closely misses you.
The black bear claws you but does no damage.
The black bear closely misses you. The black bear bites you!
* * * LOW HITPOINT WARNING * * *
The black bear claws you but does no damage.
The black bear closely misses you. The black bear barely misses you.
The black bear claws you but does no damage.
The black bear barely misses you.
The black bear rages.
The black bear bites you.
The black bear claws you but does no damage. x2
The black bear bites you!
* * * LOW HITPOINT WARNING * * *
You block the black bear's attack. The black bear closely misses you.
The black bear barely misses you. x2; The black bear claws you.
* * * LOW HITPOINT WARNING * * *
The black bear bites you.
* * * LOW HITPOINT WARNING * * *
The black bear claws you.
* * * LOW HITPOINT WARNING * * *
You block the black bear's attack. You block the black bear's attack.
The black bear claws you.
* * * LOW HITPOINT WARNING * * *
The black bear claws you but does no damage.
The black bear bites you.
* * * LOW HITPOINT WARNING * * *
The black bear closely misses you. You block the black bear's attack.
You hit the black bear.
The black bear is almost dead.
The black bear bites you!
You die...

.......................
..................)....#
.......................#
.......................#
.......................#
......................#
......................#
......................## ##
................@......# ..
................h......# ...
.......................# ...
.......................# ####...
.......................# #......
.......................####......
................................P
#.....................##.........
#.....................##.........


You could see a black bear (berserk).

Vanquished Creatures
  Grinder (D:3)
  Duvessa (D:4)
  A black bear (D:4)
  A scorpion (D:3)
  Dowan (D:4)
  An orc priest (D:3)
  A hound (D:4)
  3 gnolls (D:4)
  3 dart slugs
  4 orcs (D:3)
  6 ball pythons
  8 endoplasms
  6 giant cockroaches
  4 hobgoblins
  8 jackals
  4 quokkas
  7 bats
  2 frilled lizards
  6 goblins
  9 kobolds
  6 rats
83 creatures vanquished.

Vanquished Creatures (others)
  4 plants (D:2)
4 creatures vanquished.

Grand Total: 87 creatures vanquished

Notes
Turn   | Place    | Note
-------+----------+-------------------------------------------
     0 | D:1      | esgrovinhado the Troll Fighter began the quest for the Orb.
     0 | D:1      | Reached XP level 1. HP: 22/22 MP: 0/0
    13 | D:1      | Found Huucap's Armour Shop.
    39 | D:1      | Reached XP level 2. HP: 22/29 MP: 1/1
   533 | D:1      | Reached XP level 3. HP: 36/36 MP: 2/2
  1611 | D:2      | Found a faded altar of an unknown god.
  1617 | D:2      | Became a worshipper of Dithmenos the Shadowed
  1617 | D:2      | Reached * piety under Dithmenos
  1827 | D:3      | Reached skill level 1 in Short Blades
  1942 | D:3      | Found an iron altar of Okawaru.
  1996 | D:3      | Noticed Grinder
  2008 | D:3      | Killed Grinder
  2009 | D:3      | Reached XP level 4. HP: 18/45 MP: 3/3
  2009 | D:3      | Reached XP level 5. HP: 21/53 MP: 4/4
  2051 | D:3      | Reached XP level 6. HP: 9/61 MP: 5/5
  2574 | D:4      | Found a radiant altar of Vehumet.
  2625 | D:4      | Reached ** piety under Dithmenos
  2851 | D:4      | Noticed Duvessa
  2868 | D:4      | Noticed Dowan
  2927 | D:4      | Killed Duvessa
  2928 | D:4      | Reached XP level 7. HP: 61/67 MP: 6/6
  2958 | D:4      | Killed Dowan
  3036 | D:4      | Reached skill level 1 in Invocations
  3113 | D:4      | Found a bloodstained altar of Trog.
  3151 | D:4      | HP: 3/67 [black bear (5)]
  3156 | D:4      | Slain by a black bear

Illustrated notes

Levels and vault maps discovered:
D:1:      dpeg_arrival_simpleton_a, layout_basic, serial_shops, shop
D:2:      layout_basic, basic_ecumenical_altar, grunt_ministairs_11,
          guppyfry_early_lair_pool
D:3:      layout_loops_ring, mainiacjoe_overflow_alcove_4, uniq_grinder
D:4:      layout_basic, trog_ov_bears_minmay, vehumet_crystals,
          wad_floor_pattern_2, uniq_duvessa

Skill      XL: |  1  2  3  4  5  6  7 |
---------------+----------------------+-----
Maces & Flails | 2 |  2.0
Shields        | 3 4 |  4.2
Short Blades   | 2 |  2.9
Fighting       | 3 |  3.4
Dodging        | 3 4 |  4.2
Invocations    | 1 |  1.0
Stealth        | |  0.2

Action                   |  1- 3 |  4- 6 |  7- 9 || total
-------------------------+-------+-------+-------++-------
Melee: Flail             |    66 |       |       ||    66
       Short sword       |   168 |   150 |    61 ||   379
  Use: Potion            |     2 |     1 |       ||     3
       Scroll            |       |     2 |       ||     2
Armor: Robe              |   117 |    37 |    30 ||   184
Dodge: Dodged            |   110 |    73 |    39 ||   222
Block: Kite shield       |   162 |   113 |    47 ||   322
